 Dungeon Crawl Stone Soup version 0.30.0-29-ga12c61a403 (webtiles) character file.

Game seed: 233710140429954080

29 ChrisAssaf the Chiller (level 3, -8/24 (25) HPs)
             Began as a Demonspawn Ice Elementalist on June 25, 2023.
             Mangled by a wight
             ... wielding a +0 scimitar
              (15 damage)
             ... on level 3 of the Dungeon.
             The game lasted 00:02:47 (651 turns).

ChrisAssaf the Chiller (Demonspawn Ice Elementalist) Turns: 651, Time: 00:02:48

HP:   -8/24 (25)    AC:  2    Str: 10    XL:     3   Next: 1%
MP:   6/6           EV: 12    Int: 16    God:
Gold: 34            SH:  0    Dex: 13    Spells: 2/6 levels left

rFire   . . .        c - +0 quarterstaff
rCold   . . .        (shield currently unavailable)
rNeg    . . .        a - +0 robe
rPois   .            (no helmet)
rElec   .            (no cloak)
rCorr   .            (no gloves)
SInv    .            (no boots)
Will    .....        (no amulet)
Stlth   ++           (no ring)
HPRegen 0.24/turn    (no ring)
MPRegen 0.10/turn

%: no passive effects
@: lightly drained
A: claws 1, weakness stinger 1
a: no special abilities


You were on level 3 of the Dungeon.
You visited 1 branch of the dungeon, and saw 3 of its levels.

You collected 34 gold pieces.

Inventory:

Hand Weapons
 c - a +0 quarterstaff (weapon)
 e - a +2 dagger of speed
Armour
 a - a +0 robe (worn)
Jewellery
 f - a ring of positive energy
Potions
 b - a potion of magic
 g - a potion of degeneration


   Skills:
 * Level 0.5 Fighting
 * Level 0.3 Staves
 * Level 0.3 Armour
 * Level 2.0 Dodging
 * Level 1.9 Stealth
 * Level 2.2 Spellcasting
 * Level 4.0 Ice Magic


You had 2 spell levels left.
You knew the following spells:

 Your Spells              Type           Power      Damage    Failure   Level
a - Freeze                Ice            56%        1d7       3%          1
b - Frozen Ramparts       Ice            28%        1d5       12%         3

Your spell library contained the following spells:

 Spells                   Type           Power      Damage    Failure   Level
 Ozocubu's Armour         Ice            14%        N/A       12%         3
 Summon Ice Beast         Ice/Summ       8%         N/A       65%         4


Dungeon Overview and Level Annotations

Branches:
Dungeon (3/15)

Altars:


Innate Abilities, Weirdness & Mutations

You have sharp fingernails.
You have a small tail.


Message History

You hear the sound of rushing water.
There is an entrance to a sewer on this level.
Hurry and find it before the portal rusts away!
Found 8 gold pieces.
Found an escape hatch in the floor.
Found a stone staircase leading up.
There is a stone staircase leading up here.
As you read the scroll labelled NUWNEC CISKO, it crumbles to dust.
It is a scroll of identify.
g - a potion of degeneration You now have 34 gold pieces (gained 8).
A frilled lizard comes into view.
The frilled lizard hisses angrily.
The frilled lizard moves out of view.
You hear the slow rusting of a very distant drain.
The frilled lizard bites you.
You barely miss the frilled lizard. The frilled lizard bites you.
Casting: Freeze (safe; 4% risk of failure)
Confirm with . or Enter, or press ? or * to list all spells.
Aiming: Freeze (safe; 4% risk of failure)
Press: ? - help, Shift-Dir - straight line, f - frilled lizard
Aim: a frilled lizard You freeze the frilled lizard.
You kill the frilled lizard!
A wight comes into view. It is wielding a +0 scimitar.
A wight comes into view.
It is wielding a +1 short sword of freezing and wearing a +0 robe of resistance. 2 wights come into view.
The wight attacks as you move away! The wight hits you with a +0 scimitar!
Ouch! That really hurt!
You closely miss the wight. The wight hits you with a +0 scimitar.
* * * LOW HITPOINT WARNING * * *
You feel drained.
* * * LOW HITPOINT WARNING * * *
You closely miss the wight. The wight misses you.
You hit the wight but do no damage. The wight barely misses you.
The wight hits you with a +0 scimitar.
* * * LOW HITPOINT WARNING * * *
You hit the wight.
The wight is moderately damaged.
The wight attacks as you move away! The wight hits you with a +0 scimitar!
Ouch! That really hurt!
You die...

........... #.###
#.. ..........#.
#.####...
z.........#.
#........
..........#.
#####.##...#.
..........#.
#.........##
..........#.##
#.........##.
..........#..#
#............
........z.##.#
#............
########...#@##
#.........###
###.zz.###.........#
####...##.........#
#..........########
#..........#
#..........#
############


You could see 2 wights.

Vanquished Creatures
  2 adders (D:2)
  2 giant cockroaches (D:1)
  2 kobolds
  3 ball pythons (D:1)
  A frilled lizard (D:3)
  A goblin (D:1)
  2 rats (D:2)
13 creatures vanquished.

Notes
Turn   | Place    | Note
-------+----------+-------------------------------------------
     0 | D:1      | ChrisAssaf the Demonspawn Ice Elementalist began the quest
                  | for the Orb.
     0 | D:1      | Reached XP level 1. HP: 13/13 MP: 3/3
   242 | D:1      | Discovered your monstrous ancestry.
   242 | D:1      | Gained mutation: You have a small tail. [demonic ancestry]
   242 | D:1      | Reached XP level 2. HP: 17/19 MP: 3/5
   405 | D:2      | Reached skill level 4 in Ice Magic
   530 | D:2      | Gained mutation: You have sharp fingernails. [demonic
                  | ancestry]
   530 | D:2      | Reached XP level 3. HP: 25/25 MP: 4/6
   534 | D:2      | Learned a level 3 spell: Frozen Ramparts
   635 | D:3      | Noticed a wight
   639 | D:3      | Noticed a wight
   640 | D:3      | Noticed a wight
   640 | D:3      | Noticed a wight
   651 | D:3      | Mangled by a wight

Illustrated notes

Levels and vault maps discovered:
D:1:      ldierk_walled_garden, layout_basic
D:2:      layout_basic, minmay_close_crescents
D:3:      layout_rooms, portal_sewer_entry_b, serial_shops, shop

Skill      XL: |  1  2 |
---------------+-------+-----
Dodging        | 2 |  2.0
Ice Magic      | 4 |  4.0
Fighting       | |  0.5
Staves         | |  0.3
Armour         | |  0.3
Stealth        | |  1.9
Spellcasting   | |  2.2

Action                     || total
---------------------------++-------
  Melee: Quarterstaff      ||    22
   Cast: Freeze            ||    12
    Use: Scroll            ||     1
   Stab: Sleeping          ||     1
 Armour: Robe              ||     5
  Dodge: Dodged            ||    24
